Map: Ruby Rock LE

Players

LEmusclé - Winner!

  • Race: Protoss Protoss
  • League: Master
  • Spawn Location: 11:00

GhostRobo

  • Race: Terran Terran
  • Spawn Location: 5:00

VOD

Have the link to the VOD?

Description

Time

  • Played on: Dec. 11, 2025, 11:55 a.m.
  • Length: 22:53
Show
View Real Time Build Order
Export as new Build Order

LEmusclé Protoss - Winner!

Build Orders: Carriers 

Get SALT Encoding   

  12  0:01  Probe  
  13  0:17  Pylon, Probe  
  14  0:25  Probe  
  14  0:35  Probe  
  15  0:40  Gateway  
  16  0:56  Probe  
  17  1:04  Assimilator  
  17  1:08  Probe  
  18  1:20  Probe  
  19  1:25  Assimilator  
  19  1:28  Zealot  
  22  1:32  Probe  
  22  1:44  Probe  
  22  1:45  Cybernetics Core  
  23  2:02  Pylon  
  23  2:07  Pylon  
  23  2:14  Warp Gate  
  23  2:15  Pylon  
  23  2:20  Zealot, Probe  
  26  2:36  Stargate  
  26  2:42  Probe  
  27  2:52  Zealot  
  29  3:30  Fleet Beacon  
  29  3:44  Nexus  
  29  3:56  Pylon  
  29  3:58  Pylon  
  29  4:06  Assimilator  
  29  4:09  Protoss Air Weapons Level 1  
  29  4:13  Forge  
  29  4:15  Stalker  
  31  4:31  Assimilator  
  31  4:32  Tempest  
  35  4:52  Photon Cannon  
  35  5:00  Photon Cannon  
  35  5:02  Photon Cannon  
  35  5:04  Photon Cannon  
  35  5:08  Probe  
  36  5:15  Tempest  
  36  5:20  Probe  
  41  5:27  Adept  
  43  5:39  Shield Battery  
  43  5:41  Probe, Shield Battery  
  43  5:49  Probe  
  45  5:58  Probe  
  45  6:00  Tempest  
  50  6:14  Probe  
  51  6:22  Probe  
  51  6:31  Protoss Air Weapons Level 2  
  51  6:32  Probe  
  53  6:44  Probe  
  53  6:45  Tempest  
  54  6:49  Unknown  
  58  6:56  Probe  
  57  7:08  Probe  
  57  7:11  Adept  
  60  7:20  Probe  
  61  7:29  Adept  
  63  7:33  Probe  
  63  7:35  Tempest  
  68  7:45  Probe  
  69  7:57  Probe  
  60  8:09  Probe  
  56  8:21  Probe  
  47  8:33  Probe  
  43  8:54  Probe  
  43  9:02  Probe  
  50  9:03  Carrier  
  51  9:12  Stargate, Probe  
  51  9:14  Stargate  
  52  9:24  Probe  
  53  9:36  Probe  
  54  9:52  Protoss Air Weapons Level 3  
  54  9:54  Probe  
  55  10:06  Probe  
  56  10:09  Carrier x2  
  68  10:17  Carrier  
  68  10:18  Probe  
  75  10:30  Probe  
  76  10:42  Probe  
  77  10:53  Nexus  
  77  10:54  Pylon  
  77  10:56  Pylon  
  77  10:58  Pylon  
  77  11:00  Pylon  
  77  11:01  Pylon  
  77  11:03  Pylon  
  77  11:06  Pylon  
  77  11:26  Pylon x2  
  77  11:28  Pylon  
  77  11:29  Pylon  
  73  11:51  Carrier x2  
  85  12:11  Probe  
  86  12:16  Carrier  
  86  12:19  Probe  
  86  12:27  Probe  
  94  12:37  Adept  
  94  12:39  Probe  
  97  12:51  Probe  
  97  12:52  Tempest  
  97  12:53  Tempest  
  98  13:04  Probe  
  107  13:16  Probe  
  106  13:28  Probe  
  107  13:40  Probe  
  108  13:52  Probe  
  109  14:04  Probe  
  110  14:12  Tempest x3  
  110  14:17  Probe  
  123  14:30  Probe  
  124  14:40  Protoss Ground Weapons Level 1  
  124  14:42  Probe  
  125  14:51  Zealot  
  127  14:53  Protoss Air Armor Level 1  
  127  14:54  Probe  
  127  14:55  Tempest x3  
  140  15:06  Probe  
  140  15:11  Assimilator  
  140  15:13  Assimilator  
  141  15:14  Probe  
  142  15:24  Probe  
  143  15:36  Probe  
  143  15:38  Tempest  
  146  15:47  Tempest  
  146  15:48  Tempest, Probe  
  155  16:20  Tempest  
  155  16:22  Tempest  
  163  16:37  Pylon  
  163  16:40  Pylon  
  163  16:41  Pylon  
  163  16:43  Pylon  
  163  16:47  Pylon  
  163  16:50  Pylon  
  163  16:52  Protoss Shields Level 1  
  163  16:53  Pylon  
  163  17:06  Protoss Air Armor Level 2  
  139  17:20  Carrier  
  139  17:26  Carrier  
  151  17:53  Carrier  
  157  18:19  Tempest  
  157  18:26  Tempest  
  165  18:44  Tempest  
  169  19:41  Tempest  
  177  19:48  Tempest  
  177  19:52  Carrier  
  171  20:25  Pylon  
  171  20:26  Pylon  
  157  20:47  Photon Cannon  
  157  20:48  Photon Cannon  
  157  20:50  Photon Cannon  
  157  20:51  Photon Cannon  
  157  20:53  Photon Cannon  
  157  20:54  Photon Cannon  
  157  20:56  Photon Cannon  
  157  20:57  Photon Cannon  
  157  20:58  Photon Cannon  
  157  20:59  Photon Cannon  
  157  21:03  Shield Battery x2  
  157  21:04  Shield Battery  
  157  21:07  Shield Battery  
  157  21:08  Shield Battery  
  157  21:09  Shield Battery  
Show
View Real Time Build Order
Export as new Build Order

GhostRobo Terran 

Build Orders:  

Get SALT Encoding   

  12  0:00  SCV  
  13  0:17  Supply Depot  
  13  0:23  SCV  
  14  0:35  SCV  
  15  0:43  Barracks  
  15  0:47  SCV  
  16  0:59  SCV  
  16  1:02  Refinery  
  17  1:20  SCV  
  18  1:40  Orbital Command  
  18  1:49  Command Center  
  18  1:51  Barracks Reactor  
  18  2:08  SCV  
  19  2:20  SCV  
  20  2:32  SCV  
  21  2:43  Barracks x2  
  21  2:44  SCV  
  21  2:47  Refinery  
  22  2:56  SCV  
  23  3:03  Orbital Command  
  23  3:05  Marine x2  
  24  3:06  Supply Depot  
  24  3:09  SCV  
  26  3:21  SCV  
  26  3:23  Marine x2  
  29  3:33  SCV  
  30  3:34  Barracks Tech Lab x2  
  30  3:41  Marine x2  
  31  3:45  SCV  
  31  3:47  SCV, Supply Depot  
  34  3:53  Marine x2  
  36  3:57  SCV  
  36  3:58  Marine  
  36  3:59  Marine, SCV  
  40  4:07  Factory  
  40  4:09  SCV  
  41  4:11  Marauder, SCV  
  41  4:15  Supply Depot  
  41  4:16  Marine  
  44  4:35  SCV x2  
  46  4:39  Marine x4  
  50  4:47  SCV x2  
  50  4:51  Supply Depot  
  52  4:56  Marine  
  52  4:57  Marauder  
  52  4:59  SCV x2  
  57  5:02  Factory Reactor  
  57  5:05  Starport  
  57  5:11  Combat Shield, SCV x2  
  57  5:12  Stimpack  
  59  5:16  Marine x3  
  59  5:18  Marine  
  63  5:27  SCV  
  63  5:28  SCV  
  65  5:29  Supply Depot  
  65  5:34  Marauder  
  67  5:37  Marauder, Refinery  
  67  5:39  SCV, Refinery  
  67  5:42  Engineering Bay  
  70  5:51  Supply Depot  
  72  6:03  Factory Tech Lab  
  70  6:15  Medivac x2  
  74  6:19  Marine x4  
  74  6:23  Supply Depot  
  78  6:26  Terran Infantry Weapons Level 1  
  78  6:30  Concussive Shells  
  78  6:37  Marauder  
  78  6:38  Marauder  
  82  6:45  Supply Depot  
  82  7:10  Marine x4  
  82  7:12  Siege Tank  
  82  7:14  Medivac x2  
  93  7:28  Marauder x2, Supply Depot  
  97  7:44  Siege Tank  
  100  7:52  Supply Depot  
  79  8:15  Supply Depot  
  79  8:17  Siege Tank  
  73  8:34  Marine x2  
  73  8:35  Marine x2  
  73  8:40  Medivac x2  
  77  8:49  Siege Tank  
  77  8:52  Marine x2  
  77  8:53  Marauder x2, Barracks  
  86  8:59  Barracks  
  86  9:01  Barracks  
  78  9:10  Marine x2, Medivac x2  
  86  9:14  Marauder x2  
  96  9:17  SCV  
  96  9:21  Siege Tank  
  96  9:22  SCV  
  101  9:28  Marine x2  
  101  9:29  SCV  
  104  9:34  SCV  
  104  9:36  Marauder x2  
  109  9:41  SCV  
  109  9:42  Barracks Tech Lab  
  110  9:45  Marine  
  110  9:46  Marine  
  112  9:53  Siege Tank  
  112  9:57  Marauder, Marine, Barracks Reactor  
  112  9:59  Barracks Reactor  
  118  10:00  Command Center  
  118  10:03  Marine x2  
  118  10:06  Supply Depot  
  120  10:11  Viking x2  
  120  10:13  Marine  
  125  10:14  Marine  
  126  10:21  Terran Infantry Armor Level 1  
  126  10:28  Marauder, Marine x2, Siege Tank, Armory  
  133  10:30  Supply Depot  
  133  10:31  Marine, Supply Depot  
  133  10:32  Supply Depot  
  134  10:51  Marine x2, Viking  
  134  10:52  Marauder  
  134  10:53  Supply Depot  
  140  11:00  Siege Tank  
  140  11:04  Marine x5  
  144  11:05  Marine  
  144  11:09  Marauder x2  
  153  11:13  Marauder  
  153  11:16  Supply Depot  
  154  11:31  Marauder x2  
  154  11:32  Siege Tank  
  134  11:48  SCV  
  135  11:56  Factory  
  135  11:57  Factory  
  135  11:59  Factory  
  135  12:00  SCV  
  136  12:04  Siege Tank  
  139  12:12  SCV  
  139  12:15  SCV x2  
  142  12:25  SCV  
  142  12:27  SCV x2  
  145  12:32  Viking x2  
  145  12:36  Siege Tank  
  153  12:37  SCV  
  153  12:57  Refinery  
  153  13:00  Refinery  
  153  13:02  Viking x2  
  153  13:03  Factory Tech Lab x2  
  153  13:04  Factory Tech Lab  
  157  13:08  Thor  
  163  13:15  Missile Turret  
  163  13:16  Missile Turret  
  163  13:18  Missile Turret  
  163  13:19  Missile Turret  
  163  13:20  Missile Turret  
  163  13:25  Starport  
  163  13:27  Starport  
  163  13:32  Viking x2  
  167  13:51  Thor  
  173  14:02  Viking x2  
  177  14:09  Thor x2  
  189  14:19  Supply Depot  
  189  14:23  Terran Vehicle Weapons Level 1  
  189  14:25  Terran Infantry Armor Level 2  
  189  14:34  Armory  
  189  14:40  Viking, Thor  
  189  14:43  Supply Depot  
  197  14:52  Orbital Command  
  197  15:05  Viking  
  197  15:06  Supply Depot  
  199  15:14  Command Center  
  199  15:32  Supply Depot  
  199  16:03  Starport Reactor  
  199  16:05  Starport Reactor  
  199  16:58  Viking  
  142  17:17  Thor x4  
  142  17:18  Viking x3  
  142  17:19  Viking x2  
  162  17:28  Viking  
  148  17:33  Refinery  
  148  17:37  Refinery  
  148  17:48  Viking x4  
  148  17:49  Viking  
  158  17:58  Viking  
  160  17:59  Thor x2  
  160  18:00  Thor  
  178  18:13  Thor  
  178  18:18  Viking x3  
  190  18:42  Thor  
  196  18:59  Missile Turret  
  196  19:00  Missile Turret x2  
  196  19:01  Missile Turret  
  196  19:02  Missile Turret x2  
  196  19:07  Missile Turret  
  196  19:25  Missile Turret  
  196  19:26  Missile Turret x2  
  196  19:27  Missile Turret  
  196  19:48  Terran Ship Weapons Level 1  
  196  19:50  Terran Vehicle And Ship Armor Level 1  
  169  20:27  Thor x4  
  144  20:29  Viking x2  
  125  21:10  Thor x3  
  127  21:42  Viking  
  127  21:44  Viking  
  124  21:53  Thor  
Tags
 
Composition
Carriers
League
Master
Matchup
PvT
Spawn Locations
Cross Positions
Add a new tag
Caveats
  • Supply blocks, unpowered buildings, or Contaminate may cause inaccurate times.
  • Supply counts are checked every 10 seconds.